 Dungeon Crawl Stone Soup version 0.32-a0-656-g3542139ebd (webtiles) character file.

Game seed: 14323695000862011969

4512 Turgor the Mimic (level 9, -4/94 (112) HPs)
             Began as a Yellow Draconian Shapeshifter on Mar 8, 2024.
             Was a Follower of Ru.
             Slain by a death knight
             ... wielding a +2 halberd
              (8 damage)
             ... on level 9 of the Dungeon.
             The game lasted 00:25:19 (7537 turns).

Turgor the Mimic (Yellow Draconian Shapeshifter)    Turns: 7537, Time: 00:25:19

HP:   -4/94 (112)   AC: 24    Str: 16    XL:     9   Next: 16%
MP:   18/18         EV:  2    Int: 16    God:    Ru [*.....]
Gold: 439           SH:  0    Dex: 10    Spells: 8/8 levels left

rFire   . .          .
                       - Unarmed
rCold   . . .        (no shield)
rNeg    . . .        (body armour unavailable)
rPois   +            (helmet currently unavailable)
rElec   .            (cloak currently unavailable)
rCorr   .            (gloves currently unavailable)
SInv    .            (boots currently unavailable)
Will    .....        (no amulet)
Stlth   +            h - ring of magical power
HPRegen 0.35/turn    (no ring)
MPRegen 0.16/turn

%: no passive effects
@: mighty, tree-form, hasted, heavily drained, very quick
A: stationary, stasis, torment immunity, boosted hp, (caustic breath), AC +7,
unfitting armour, (cold-blooded), inexperienced 1, (acid resistance)
a: Renounce Religion


You were on level 9 of the Dungeon.
You worshipped Ru.
Ru was aware of your devotion.
You were a tree.
You visited 2 branches of the dungeon, and saw 10 of its levels.

You collected 439 gold pieces.

Inventory:

Missiles
 j - 4 throwing nets
 k - 3 javelins (quivered)
 r - 39 poisoned darts
Magical Staves
 o - a staff of earth
 B - a staff of fire
Jewellery
 h - a ring of magical power (left branch)
Talismans
 b - a beast talisman
 c - a flux talisman (active)
Wands
 A - a wand of flame (28)
Scrolls
 e - 3 scrolls of noise
 i - a scroll of enchant weapon {unknown}
 l - a scroll of enchant armour {unknown}
 n - a scroll of vulnerability {unknown}
 q - a scroll of immolation {unknown}
 s - a scroll of fear {unknown}
 t - a scroll of blinking {unknown}
 u - a scroll of amnesia {unknown}
 v - a scroll of torment {unknown}
 y - a scroll of butterflies {unknown}
 z - a scroll of teleportation {unknown}
Potions
 a - a potion of lignification
 d - a potion of ambrosia
 g - a potion of attraction
 m - 2 potions of haste
 p - a potion of might
 w - a potion of enlightenment {unknown}
 x - a potion of heal wounds {unknown}


   Skills:
 + Level 5.9 Fighting
 - Level 1.7 Dodging
 + Level 9.5 Unarmed Combat
 + Level 10.3 Shapeshifting


You had 8 spell levels left.
You didn't know any spells.
Your spell library contained the following spells:

 Spells                   Type           Power      Damage    Failure   Level
 Magic Dart               Conj           0%         1d3       26%         1
 Slow                     Hex            0%         N/A       26%         1
 Summon Small Mammal      Summ           0%         N/A       26%         1
 Blink                    Tloc           0%         N/A       36%         2
 Call Imp                 Summ           0%         N/A       36%         2
 Lesser Beckoning         Tloc           0%         N/A       36%         2
 Momentum Strike          Conj/Tloc      0%         3d8       36%         2
 Call Canine Familiar     Summ           0%         N/A       58%         3
 Confusing Touch          Hex            0%         N/A       58%         3
 Frozen Ramparts          Ice            0%         1d1       58%         3
 Sigil of Binding         Hex            0%         N/A       58%         3
 Vampiric Draining        Necr           0%         2d6       58%         3
 Leda's Liquefaction      Alch/Erth      0%         N/A       94%         4
 Passage of Golubria      Tloc           0%         N/A       94%         4
 Petrify                  Alch/Erth      0%         N/A       94%         4
 Summon Blazeheart Golem  Fire/Summ      0%         N/A       94%         4
 Metabolic Englaciation   Hex/Ice        0%         N/A       100%        5
 Silence                  Hex/Air        0%         N/A       100%        5
 Lehudib's Crystal Spear  Conj/Erth      0%         10d2      100%        8


Dungeon Overview and Level Annotations

Branches:
Dungeon (9/15)             Temple (1/1) D:4
   Lair: D:8-11         Orc: D:9-12

Altars:
Ashenzari
Cheibriados
Dithmenos
Elyvilon
Fedhas
Hepliaklqana
Kikubaaqudgha
Makhleb
Okawaru
Qazlal
Ru
Sif Muna
Trog
Uskayaw
Vehumet
Wu Jian
Xom
Yredelemnul
Zin
The Shining One

Shops:
D:4 :


Innate Abilities, Weirdness & Mutations

You are a tree.
Your roots penetrate the ground, keeping you stationary.
You cannot be teleported.
You are immune to unholy pain and torment.
Your maximum health is greatly increased.
Your equipment is partially melded.
((You can breathe corrosive fumes.))
((Your golden yellow scales are hard. (AC +7)))
You cannot fit into any form of body armour.
((You are cold-blooded and may be slowed by cold attacks.))
You are somewhat inexperienced. (-1 XL)
((You are resistant to acid. (rCorr)))


Message History

It was a potion of might.
You feel very mighty all of a sudden.
The wight hits you from afar with a +3 trident.
* * * LOW HITPOINT WARNING * * *
You feel drained.
* * * LOW HITPOINT WARNING * * *
Throw: 7 javelins
Press: ? - help, Q - select action, (/) - cycle Shift-Dir - straight line, f/p - wight
Aim: a wight, wielding a +3 trident and wearing a +0 robe (54% to hit)
You throw a javelin. The javelin barely misses the wight.
The wight hits you but does no damage.
Unknown command.
Unknown command.
Throw: 6 javelins
Press: ? - help, Q - select action, (/) - cycle Shift-Dir - straight line, f/p - wight
Aim: a wight, wielding a +3 trident and wearing a +0 robe (54% to hit)
You throw a javelin.
The javelin pierces through the wight but does no damage.
Unknown command.
Throw: 5 javelins
Press: ? - help, Q - select action, (/) - cycle Shift-Dir - straight line, f/p - wight
Aim: a wight, wielding a +3 trident and wearing a +0 robe (54% to hit)
You throw a javelin. The javelin pierces through the wight.
The wight is moderately damaged.
The wight hits you from afar with a +3 trident!
* * * LOW HITPOINT WARNING * * *
You feel drained.
* * * LOW HITPOINT WARNING * * *
The death knight hits you from afar with a +2 halberd.
* * * LOW HITPOINT WARNING * * *
The wight hits you but does no damage.
Throw: 4 javelins
Press: ? - help, Q - select action, (/) - cycle Shift-Dir - straight line, f/p - wight
Aim: a wight, wielding a +3 trident and wearing a +0 robe (moderately damaged, 54% to hit)
You throw a javelin.
The javelin pierces through the wight but does no damage.
The wight is moderately damaged.
The death knight hits you from afar with a +2 halberd!
You die...
Ru respects your ultimate sacrifice.

.....PP.P. .P.......
.. ..P.P.P.. ..
...P...# . .....#
#...# #...##########
#(<.z$♣.p.....
#######..##)###.....
.........#..
....########
.........#..
..........
........z#..
.........
.......<.#..
.........
+####....#..
...p..... #....#..
......... #....#
.#####.##


You could see a death knight (reflects damage) and a wight.

Vanquished Creatures
  Psyche (D:8)
  A troll (D:8)
  A hornet (D:7)
  7 yaks (D:8)
  Edmund (D:4)
  A water moccasin (D:7)
  2 sky beasts (D:7)
  A black bear (D:8)
  2 ogres (D:6)
  2 ice beasts (D:7)
  3 centaurs
  3 phantoms
  3 kobold brigands
  5 bullfrogs
  2 scorpions
  4 wights
  An orc priest (D:6)
  A hound (D:6)
  4 iguanas
  3 jellies
  2 gnoll boudas
  4 sleepcaps
  6 orc wizards
  Robin (D:4)
  7 adders
  5 gnolls (D:6)
  4 ufetubi
  A dart slug (D:2)
  13 orcs
  2 ball pythons
  4 bats
  11 endoplasms
  2 giant cockroaches (D:2)
  14 goblins
  9 hobgoblins
  A jackal (D:4)
  20 kobolds
  3 quokkas (D:1)
  A frilled lizard (D:2)
  6 rats
  A spectral hobgoblin (D:2)
165 creatures vanquished.

Vanquished Creatures (others)
  A kobold (D:7)
1 creature vanquished.

Grand Total: 166 creatures vanquished

Notes
Turn   | Place    | Note
-------+----------+-------------------------------------------
     0 | D:1      | Turgor the Draconian Shapeshifter began the quest for the
                  | Orb.
     0 | D:1      | Reached XP level 1. HP: 16/16 MP: 1/1
   116 | D:1      | Reached XP level 2. HP: 23/23 MP: 2/2
   439 | D:1      | Reached XP level 3. HP: 28/28 MP: 3/3
   662 | D:2      | Found a faded altar of an unknown god.
  1578 | D:3      | Reached XP level 4. HP: 35/35 MP: 4/4
  1751 | D:3      | Reached skill level 4 in Shapeshifting
  2251 | D:4      | Noticed Edmund
  2255 | D:4      | Killed Edmund
  2256 | D:4      | Reached XP level 5. HP: 40/40 MP: 5/5
  2490 | D:4      | Found Mevviots's Book Shoppe.
  2555 | D:4      | Noticed Robin
  2562 | D:4      | Reached skill level 5 in Unarmed Combat
  2563 | D:4      | Killed Robin
  2746 | D:4      | Noticed a phantom
  2755 | D:4      | Killed a phantom
  2756 | D:4      | Reached skill level 5 in Shapeshifting
  2756 | D:4      | Reached XP level 6. HP: 46/47 MP: 6/6
  2761 | D:4      | Found a staircase to the Ecumenical Temple.
  2775 | Temple   | Entered the Ecumenical Temple
  2782 | Temple   | Became a worshipper of Ru the Awakened
  3148 | D:4      | Found a basalt altar of Yredelemnul.
  3175 | D:5      | Entered Level 5 of the Dungeon
  3337 | D:5      | Your scales start taking on a golden yellow colour.
  3337 | D:5      | Reached XP level 7. HP: 33/52 MP: 7/7
  3337 | D:5      | Gained mutation: You are resistant to acid. (rCorr) [Yellow
                  | Draconian growth]
  3503 | D:5      | Reached skill level 6 in Shapeshifting
  4166 | D:6      | Reached skill level 7 in Shapeshifting
  4178 | D:6      | Gained mutation: You are somewhat inexperienced. (-1 XL)
                  | [Ru sacrifice]
  4178 | D:6      | Reached XP level 6. HP: 40/47 MP: 15/15
  4178 | D:6      | Reached * piety under Ru
  4228 | D:6      | Reached XP level 7. HP: 34/52 MP: 7/7
  4319 | D:6      | Identified the +5 dagger of Terra Nullius {pain, ^Fragile
                  | rF+ rN+ Int+4}
  4755 | D:6      | Reached skill level 8 in Shapeshifting
  5207 | D:7      | Reached skill level 9 in Shapeshifting
  5269 | D:7      | Reached XP level 8. HP: 59/59 MP: 8/8
  5468 | D:7      | Found a blossoming altar of Fedhas.
  6016 | D:8      | Identified the +5 rapier "Yreun" {antimagic, Int+4 SInv}
  6172 | D:8      | Noticed Psyche
  6174 | D:8      | Killed Psyche
  6183 | D:8      | Found an iron altar of Okawaru.
  6205 | D:8      | Found an ornate altar of the Wu Jian Council.
  6374 | D:8      | Reached skill level 5 in Fighting
  6374 | D:8      | Reached skill level 10 in Shapeshifting
  6405 | D:8      | Reached XP level 9. HP: 52/74 MP: 9/9
  6650 | D:8      | Found a shimmering altar of Xom.
  7257 | D:9      | Noticed a death knight
  7536 | D:9      | HP: 4/94 [death knight/+2 halberd (4)]
  7537 | D:9      | Slain by a death knight

Illustrated notes

Levels and vault maps discovered:
D:1:      minmay_arrival_stair_chambers, layout_rooms, serial_glass,
          glass_columns_a, glass_columns_b, glass_columns_b, glass_columns_a
D:2:      layout_basic, dreamdust_ecumenical_altar_drowned_temple,
          serial_bayou_pond_e, serial_park_tiny_1, minmay_statues_item,
          columned_hall_lemuel
D:3:      layout_loops_cross
D:4:      layout_loops_corners, kennysheep_mini, minmay_temple_entry_fiery,
          serial_shops, nicolae_shop_gibbet_a_chance, serial_aquarium,
          aquarium_bridge_square [aquarium_subvault_window,
          aquarium_subvault_bridge, aquarium_subvault_balcony,
          aquarium_subvault_bridge], aquarium_window_corridor_2,
          aquarium_window_fake, aquarium_window_fake, aquarium_view_4,
          aquarium_view_2b, aquarium_pool_2, minmay_bent, uniq_edmund,
          uniq_robin
D:5:      layout_loops_ring, hangedman_decor_clover_reticule
D:6:      layout_loops_cross
D:7:      layout_loops_cross, fedhas_bush_and_centaur_altar
D:8:      layout_basic, kennysheep_mini_moat, mainiacjoe_overflow_brackets,
          okawaru_metal_pillars_1_2, minmay_misc_feat_four_crosses,
          billiards_dpeg, uniq_psyche
D:9:      layout_irregular_city, grunt_lair_entry_orc_guard_hut,
          nicolae_shop_sticking_my_neck_out
Temple:   nicolae_temple_bog_church

Skill      XL: |  1  2  3  4  5  6  7  8 |
---------------+-------------------------+-----
Unarmed Combat | 4 5 7 9 |  9.5
Shapeshifting  | 4 5 9 10 | 10.3
Fighting       | 5 |  5.9
Dodging        | |  1.7

Action                     |  1- 3 |  4- 6 |  7- 9 || total
---------------------------+-------+-------+-------++-------
  Melee: Unarmed           |   110 |   102 |   317 ||   529
         Tailslap          |    12 |     9 |    45 ||    66
         Punch             |     3 |       |     2 ||     5
  Throw: Javelin           |       |     7 |     4 ||    11
 Invoke: Sacrifice Experie |       |     1 |       ||     1
         Reject Sacrifices |       |       |     1 ||     1
Ability: Caustic Breath    |       |       |     8 ||     8
  Evoke: Wand              |       |     5 |     1 ||     6
    Use: Scroll            |     1 |     1 |     3 ||     5
         Potion            |       |       |     4 ||     4
   Stab: Sleeping          |     1 |       |       ||     1
 Armour: Skin              |    36 |    62 |   169 ||   267
  Dodge: Dodged            |    62 |    66 |   203 ||   331
   Form: Flux              |       |       |     1 ||     1

Table legend: (Time is in decaauts)
 A = Elapsed time spent in this place.
 B = Non-inter-level travel time spent in this place.
 C = Inter-level travel time spent in this place.
 D = Time resting spent in this place.
 E = Time spent auto-exploring this place.
 F = Levels seen in this place.
 G = Mean time per level.
                   A        B        C        D        E       F      G
               +--------+--------+--------+--------+--------+-----+--------+
         Total |   7490 |   7201 |    289 |    353 |   5698 |  10 |  749.0 |
       Dungeon |   7478 |   7193 |    285 |    353 |   5698 |   9 |  830.9 |
        Temple |     12 |      8 |      4 |      0 |      0 |   1 |   12.0 |
               +--------+--------+--------+--------+--------+-----+--------+

Top non-repeatable levels by time:
     D:8: 1504 daAuts
     D:4: 1135 daAuts
     D:7: 1030 daAuts
     D:6: 893 daAuts
     D:2: 875 daAuts
     D:5: 833 daAuts
     D:3: 626 daAuts
     D:1: 525 daAuts
     D:9: 52 daAuts
  Temple: 12 daAuts
